 Dungeon Crawl Stone Soup version 0.27.0-1-g7a089689b8 (webtiles) character file.

Game seed: 11237404730798657614

59 dduke234 the Ruffian (level 3, -2/36 HPs)
             Began as a Troll Monk on Aug 10, 2021.
             Slain by a gnoll (5 damage)
             ... on level 2 of the Dungeon.
             The game lasted 00:03:37 (615 turns).

dduke234 the Ruffian (Troll Monk)                    Turns: 615, Time: 00:03:37

Health: -2/36      AC:  4    Str: 20    XL:     3   Next: 78%
Magic:  2/2        EV: 10    Int:  6    God:
Gold:   76         SH:  0    Dex: 12    Spells: 2/2 levels left

rFire    . . .     SeeInvis .     - Unarmed
rCold    . . .     Faith    .   (no shield)
rNeg     . . .     Spirit   .   a - +0 robe
rPois    +         Reflect  .   (helmet restricted)
rElec    .         Harm     .   (no cloak)
rCorr    .         Rampage  .   (gloves unavailable)
Will     .....                  (boots unavailable)
Stlth    ++........             (no amulet)
HPRegen  1.12/turn              b - ring of poison resistance
MPRegen  0.08/turn              (no ring)

@: mighty
A: large, unfitting armour, claws 3, regeneration 1, shaggy fur 1, tough skin 1
a: no special abilities


You were on level 2 of the Dungeon.
You visited 1 branch of the dungeon, and saw 2 of its levels.

You collected 76 gold pieces.

Inventory:

Armour
 a - a +0 robe (worn)
Jewellery
 b - a ring of poison resistance (left claw)
Potions
 e - 2 potions of magic


   Skills:
 - Level 2.4 Fighting
 * Level 3.0 Dodging
 * Level 1.2 Stealth
 * Level 4.0 Unarmed Combat


You had 2 spell levels left.
You didn't know any spells.
Your spell library was empty.

Dungeon Overview and Level Annotations

Branches:
Dungeon (2/15)

Altars:


Innate Abilities, Weirdness & Mutations

You are too large for most types of armour.
You have claws for hands.
Your natural rate of healing is unusually fast.
You are covered in fur. (AC +1)
You have tough skin. (AC +1)


Message History

Your Dodging skill increases to level 3!
Your Unarmed Combat skill increases to level 4!
The ufetubus hits you but does no damage.
The ufetubus hits you. The gnoll hits you with a +0 club.
The ufetubus hits you. The ufetubus barely misses you.
Items here: ))) ††.
You closely miss the ufetubus. The gnoll closely misses you.
The ufetubus hits you.
The ufetubus hits you but does no damage.
You barely miss the ufetubus.
The ufetubus hits you but does no damage.
The ufetubus hits you. The gnoll misses you.
You barely miss the ufetubus. The ufetubus hits you.
The ufetubus hits you but does no damage.
The gnoll hits you with a +0 club.
* * * LOW HITPOINT WARNING * * *
The ufetubus hits you.
* * * LOW HITPOINT WARNING * * *
The ufetubus hits you but does no damage.
It was a potion of might.
You feel very mighty all of a sudden. The ufetubus hits you.
* * * LOW HITPOINT WARNING * * *
The ufetubus hits you.
* * * LOW HITPOINT WARNING * * *
The gnoll misses you.
You completely miss the ufetubus. The ufetubus misses you.
The ufetubus hits you.
* * * LOW HITPOINT WARNING * * *
The gnoll barely misses you.
The ufetubus hits you but does no damage. x2
You mangle the ufetubus!!
You kill the ufetubus!
The gnoll barely misses you. The gnoll hits you with a +0 club.
* * * LOW HITPOINT WARNING * * *
You claw the gnoll!
The gnoll is heavily wounded.
The gnoll hits you with a +0 club.
You die...

####### #.....#
#.....# #.....#
##...@)#
#....g.#
#.##.#.# #
...#.# #..###.#
#..###.#######.#
#........<.....#
##.####.########
#.#


You could see a gnoll.

Vanquished Creatures
  3 gnolls (D:2)
  An ufetubus (D:2)
  A dart slug (D:1)
  An endoplasm (D:1)
  A giant cockroach (D:1)
  A goblin (D:1)
  A hobgoblin (D:1)
  3 quokkas (D:1)
  2 ball pythons (D:1)
  3 bats (D:1)
  4 frilled lizards (D:1)
  A kobold (D:1)
  6 rats (D:1)
28 creatures vanquished.

Notes
Turn   | Place    | Note
-------+----------+-------------------------------------------
     0 | D:1      | dduke234 the Troll Monk began the quest for the Orb.
     0 | D:1      | Reached XP level 1. HP: 22/22 MP: 0/0
   160 | D:1      | Reached XP level 2. HP: 29/29 MP: 1/1
   601 | D:2      | Reached XP level 3. HP: 32/36 MP: 2/2
   607 | D:2      | Reached skill level 4 in Unarmed Combat
   615 | D:2      | Slain by a gnoll

Illustrated notes

Levels and vault maps discovered:
D:1:      ncdulo_smallfort, layout_basic, minmay_misc_feat_ornament
D:2:      layout_loops_cross, dreamdust_ecumenical_altar_hidden_monk_grotto,
          minmay_crystal_room, grunt_ministairs_11

Skill      XL: |  1  2  3 |
---------------+----------+-----
Dodging        | 3 |  3.0
Unarmed Combat | 4 |  4.0
Fighting       | |  2.4
Stealth        | |  1.2

Action                   || total
-------------------------++-------
Melee: Unarmed           ||    67
       Punch             ||     4
  Use: Scroll            ||     2
       Potion            ||     1
 Stab: Sleeping          ||     2
Armor: Robe              ||    32
Dodge: Dodged            ||    38
